 Dungeon Crawl Stone Soup version 0.30-a0-169-g06f667207d (webtiles) character file.

Game seed: 2096956584607979250

277 qw the Chopper (level 6, 0/39 HPs)
             Began as a Gargoyle Fighter on Sept 30, 2022.
             Slain by a hound (4 damage)
             ... on level 5 of the Dungeon.
             The game lasted 00:00:55 (2938 turns).

qw the Chopper (Gargoyle Fighter)                   Turns: 2938, Time: 00:00:56

Health: 0/39       AC: 15    Str: 21    XL:     6   Next: 26%
Magic:  6/6        EV:  7    Int:  9    God:
Gold:   624        SH:  4    Dex:  9    Spells: 5/5 levels left

rFire   . . .      SeeInvis .    Y - +2 war axe
rCold   . . .      Faith    .    c - +0 buckler
rNeg    + . .      Spirit   .    p - +0 chain mail {rPois}
rPois   inf        Reflect  .    (no helmet)
rElec   +          Harm     .    (no cloak)
rCorr   .          Rampage  .    (no gloves)
Will    +....                    j - +1 pair of boots
Stlth   ..........               (no amulet)
HPRegen 0.13/turn                a - ring of willpower
MPRegen 0.10/turn                (no ring)

@: no status effects
A: sickness immunity, AC +4, negative energy resistance 1, electricity
resistance, torment resistance 1, petrification resistance
a: no special abilities


You were on level 5 of the Dungeon.
You visited 1 branch of the dungeon, and saw 5 of its levels.

You collected 624 gold pieces.


Innate Abilities, Weirdness & Mutations

You are immune to sickness and miasma.
Your stone body is resilient. (AC +4)
You are immune to poison.
You resist negative energy. (rN+)
You are resistant to electric shocks. (rElec)
You are resistant to unholy torment.
You are immune to petrification.


   Skills:
 - Level 4.5 Fighting
 + Level 5.0 Axes
 - Level 1.0 Throwing
 - Level 3.2 Armour
 - Level 3.2 Shields


You had 5 spell levels left.
You didn't know any spells.
Your spell library was empty.

Inventory:

Hand Weapons
 f - a +0 mace
 Y - a +2 war axe (weapon)
Missiles
 o - 2 javelins (quivered)
Armour
 c - a +0 buckler (worn)
 j - a +1 pair of boots (worn)
 p - a +0 chain mail of poison resistance (worn)
Jewellery
 a - a ring of willpower (left hand)
Scrolls
 m - 2 scrolls of identify
Potions
 d - a potion of might
 e - a potion of lignification
 g - a potion of haste {unknown}
 h - a potion of resistance {unknown}
 i - a potion of flight {unknown}
 l - 2 potions of curing
 q - a potion of heal wounds {unknown}

Dungeon Overview and Level Annotations

Branches:
Dungeon (5/15)
 Temple: D:4-7

Altars:
Trog

Shops:
D:5 :


Message History

The scorpion stings you but does no damage.
The gnoll hits you but does no damage. The scorpion stings you.
You slash the scorpion!
The scorpion is severely wounded.
The gnoll hits you from afar with a +0 halberd.
The scorpion stings you but does no damage.
You slash the scorpion!
You kill the scorpion!
The gnoll hits you from afar with a +0 halberd.
The gnoll closely misses you.
Your Fighting skill increases to level 4!
You have reached level 6!
The gnoll closely misses you.
Things that are here:
a +0 halberd; a gnoll corpse You slash the gnoll!
The gnoll is almost dead.
The gnoll closely misses you.
You completely miss the gnoll.
The gnoll is almost dead.
The gnoll barely misses you.
You hit the gnoll but do no damage.
The gnoll is almost dead.
The gnoll hits you with a +0 halberd.
You slash the gnoll!
You kill the gnoll!
The hound bites you but does no damage.
You closely miss the hound. The hound bites you but does no damage.
The hound bites you.
You slash the hound!
The hound is heavily wounded.
The hound stops to sniff the ground.
The hound bites you but does no damage. x2
You hit the hound but do no damage.
The hound is heavily wounded.
The hound bites you but does no damage. x2
You closely miss the hound.
The hound is heavily wounded.
The hound bites you but does no damage. The hound bites you.
You die...

#..# ## #... ..
#(.# . #..# .#
#..# #.#.#
#..##h...#
#.%#@# ###
#...)# ..#
#[##.# #.#
#.###.. #.# #.#
#.# #.# #.# ...
#.# #.# ###
#######.## #.#
.........####.#


You could see a hound.

Vanquished Creatures
  A scorpion (D:5)
  2 hounds (D:4)
  A jelly (D:5)
  3 adders
  3 gnolls (D:5)
  A worm (D:3)
  A dart slug (D:3)
  An orc (D:3)
  A ball python (D:2)
  5 endoplasms
  4 giant cockroaches
  6 goblins
  4 hobgoblins (D:3)
  12 jackals
  6 kobolds
  2 quokkas
  4 bats
  2 frilled lizards (D:3)
  2 rats (D:1)
61 creatures vanquished.

Vanquished Creatures (others)
  A plant (D:3)
1 creature vanquished.

Grand Total: 62 creatures vanquished

Notes
Turn   | Place    | Note
-------+----------+-------------------------------------------
     0 | D:1      | qw the Gargoyle Fighter began the quest for the Orb.
     0 | D:1      | Reached XP level 1. HP: 14/14 MP: 1/1
     0 | D:1      | 0 ||| qw: Version: 0.2-a-12-gaebbb33
     0 | D:1      | 0 ||| qw: Game counter: 1396
     0 | D:1      | 0 ||| qw: Always use a shield: true
     0 | D:1      | 0 ||| qw: God list: Okawaru
     0 | D:1      | 0 ||| qw: Allow faded altars: false
     0 | D:1      | 0 ||| qw: Do Orc after D:15 true
     0 | D:1      | 0 ||| qw: Do second Lair branch before Depths: true
     0 | D:1      | 0 ||| qw: Lair rune preference: random
     0 | D:1      | 0 ||| qw: Plans: Normal, Zot:1-4, God:TSO, Crypt, Tomb,
                  | Pan, Slime:5, Hells, Abyss, Orb
     0 | D:1      | 0 ||| PLANNING D:1-11
    69 | D:1      | 69 ||| Stepping ~*~*~tactically~*~*~ (stealth).
    72 | D:1      | Reached skill level 2 in Axes
   137 | D:1      | Reached XP level 2. HP: 19/19 MP: 2/2
   633 | D:1      | 633 ||| DROPPING ring of magical power.
   634 | D:1      | 634 ||| READING 3 scrolls labelled NUNOSYN YMINA.
   635 | D:1      | 635 ||| READING scroll labelled ROOS NICEG.
   636 | D:1      | 636 ||| READING scroll labelled FAENUO JILIDGHAIGG.
   637 | D:1      | 637 ||| DROPPING 2 scrolls of butterflies.
   866 | D:2      | 866 ||| Stepping ~*~*~tactically~*~*~ (stealth).
   879 | D:2      | Reached skill level 3 in Axes
  1020 | D:2      | Reached skill level 1 in Throwing
  1020 | D:2      | Reached XP level 3. HP: 23/23 MP: 3/3
  1262 | D:2      | 1262 ||| UPGRADING to +0 pair of boots.
  1267 | D:2      | 1267 ||| READING scroll labelled CUICO RYDO.
  1268 | D:2      | 1268 ||| READING scroll labelled XOARAA ESTAU.
  1268 | D:2      | Identified a scroll of acquirement
  1268 | D:2      | 1268 ||| ACQUIRING 380 gold pieces
  1268 | D:2      | Acquired 380 gold pieces
  1375 | D:3      | 1375 ||| Stepping ~*~*~tactically~*~*~ (stealth).
  1435 | D:3      | Found a bloodstained altar of Trog.
  1479 | D:3      | 1479 ||| Stepping ~*~*~tactically~*~*~ (stealth).
  1540 | D:3      | 1540 ||| Stepping ~*~*~tactically~*~*~ (hiding).
  1542 | D:3      | 1542 ||| Stepping ~*~*~tactically~*~*~ (hiding).
  1595 | D:3      | Reached XP level 4. HP: 28/28 MP: 4/4
  1687 | D:3      | Found a faded altar of an unknown god.
  1767 | D:3      | 1767 ||| READING scroll of enchant weapon.
  1767 | D:3      | 1767 ||| ENCHANTING +1 war axe.
  1930 | D:3      | 1930 ||| DROPPING amulet of faith.
  1931 | D:3      | 1931 ||| READING scroll labelled ZON LANNANK.
  1932 | D:3      | 1932 ||| READING scroll labelled LAUTOH QUOPAN.
  1933 | D:3      | 1933 ||| READING 2 scrolls labelled XECE JYEXINN.
  1934 | D:3      | 1934 ||| READING scroll labelled ICLACYHOAM.
  1939 | D:3      | 1939 ||| READING scroll labelled ZAISAF VYKILU.
  2078 | D:4      | Reached skill level 4 in Axes
  2078 | D:4      | 2078 ||| STAIRDANCE
  2153 | D:4      | Reached XP level 5. HP: 32/32 MP: 5/5
  2294 | D:4      | 2294 ||| READING scroll of enchant armour.
  2294 | D:4      | 2294 ||| ENCHANTING +0 pair of boots.
  2730 | D:4      | 2730 ||| UPGRADING to +0 chain mail of poison resistance.
  2740 | D:4      | 2740 ||| DROPPING +0 scale mail.
  2741 | D:4      | 2741 ||| UPGRADING to ring of willpower.
  2742 | D:4      | 2742 ||| READING scroll labelled OHUREBATOE.
  2743 | D:4      | 2743 ||| READING scroll labelled DAIVYJ LUAVIC.
  2744 | D:4      | 2744 ||| DRINKING 3 white potions.
  2745 | D:4      | 2745 ||| READING 2 scrolls of identify.
  2745 | D:4      | 2745 ||| IDENTIFYING bubbling sapphire potion
  2773 | D:5      | Entered Level 5 of the Dungeon
  2830 | D:5      | Found Zemn's Book Shop.
  2893 | D:5      | Reached skill level 5 in Axes
  2916 | D:5      | 2916 ||| Stepping ~*~*~tactically~*~*~ (hiding).
  2929 | D:5      | HP: 8/33 [gnoll/+0 halberd (3)]
  2930 | D:5      | Reached XP level 6. HP: 10/39 MP: 6/6
  2935 | D:5      | HP: 4/39 [hound (4)]
  2938 | D:5      | Slain by a hound

Levels and vault maps discovered:
D:1:      tarquinn_simple_flora_water_b, layout_rooms
D:2:      layout_loops_cross
D:3:      layout_loops_ring, mainiacjoe_overflow_chevrons,
          shapermc_ecumenical_altar_rom_forum
D:4:      layout_gridville, kennysheep_another_room
D:5:      layout_loops_ring, serial_shops, nicolae_shop_stone,
          nicolae_take_the_stairs, kennysheep_mini_moat, shop

Skill      XL: |  1  2  3  4  5 |
---------------+----------------+-----
Axes           | 2 3 4 5 |  5.0
Throwing       | 1 |  1.0
Fighting       | 4 |  4.5
Armour         | |  3.2
Shields        | |  3.2

Action                   |  1- 3 |  4- 6 || total
-------------------------+-------+-------++-------
Melee: War axe           |    80 |    47 ||   127
Throw: Javelin           |    22 |    30 ||    52
  Use: Scroll            |     5 |    10 ||    15
       Potion            |       |     1 ||     1
Armor: Scale mail        |    51 |    19 ||    70
       Chain mail        |       |    23 ||    23
Dodge: Dodged            |    44 |    25 ||    69
Block: Buckler           |    11 |     7 ||    18

Table legend:
 A = Non-vault XP
 B = Vault XP
 C = Vault XP percentage of total XP
 D = Non-vault monster count
 E = Vault monster count
 F = Vault count percentage of total count
                 A         B        C        D         E       F
            +---------+---------+-------+---------+---------+-------
      Total |     397 |       0 |   0.0 |      61 |       0 |   0.0
            +---------+---------+-------+---------+---------+-------
        D:1 |      21 |       0 |   0.0 |      12 |       0 |   0.0
        D:2 |      32 |       0 |   0.0 |      10 |       0 |   0.0
        D:3 |      38 |       0 |   0.0 |      18 |       0 |   0.0
        D:4 |     114 |       0 |   0.0 |      11 |       0 |   0.0
        D:5 |     192 |       0 |   0.0 |      10 |       0 |   0.0
            +---------+---------+-------+---------+---------+-------
